 Dungeon Crawl Stone Soup version 0.20.0-15-g7f486f2 (webtiles) character file.

29 Malak the Chucker (level 3, -1/33 HPs)
             Began as an Ogre Arcane Marksman on June 12, 2017.
             Slain by a kobold (2 damage)
             ... on level 2 of the Dungeon.
             The game lasted 00:06:04 (714 turns).

Malak the Chucker (Ogre Arcane Marksman)             Turns: 714, Time: 00:06:05

Health: -1/33      AC:  3    Str: 14    XL:     3   Next: 16%
Magic:  1/13       EV: 10    Int: 14    God:
Gold:   25         SH:  0    Dex: 10    Spells: 1/4 levels left

rFire    . . .     SeeInvis .   o - +0 club
rCold    . . .     Gourm    .   (no shield)
rNeg     . . .     Faith    .   a - +0 robe
rPois    .         Spirit   .   (helmet restricted)
rElec    .         Reflect  .   (no cloak)
rCorr    .         Harm     .   (gloves unavailable)
MR       +....                  (boots unavailable)
Stlth    +.........             (no amulet)
Regen    0.2/turn               e - ring of protection from magic
MPRegen  0.2/turn               k - ring of magical power

@: very slightly contaminated
A: unfitting armour, tough skin 1
a: no special abilities


You were on level 2 of the Dungeon.
You were hungry.

You visited 1 branch of the dungeon, and saw 2 of its levels.

You collected 25 gold pieces.

Inventory:

Hand Weapons
 o - a +0 club (weapon)
Missiles
 d - 2 throwing nets (quivered)
Armour
 a - a +0 robe (worn)
Jewellery
 c - an uncursed amulet of harm {unknown}
 e - a ring of protection from magic (left hand)
 g - an uncursed ring of protection from fire
 k - a ring of magical power (right hand)
Scrolls
 l - a scroll of blinking {unknown}
Potions
 i - 2 potions of curing {unknown}
 m - 2 potions of flight {unknown}
Books
 b - a book of Debilitation

   Spells                             Type                      Level
   a - Corona                         Hexes                        1
   b - Slow                           Hexes                        2
   c - Inner Flame                    Hexes/Fire                   3
   d - Portal Projectile              Hexes/Translocation          3
   e - Cause Fear                     Hexes                        4
   f - Leda's Liquefaction            Hexes/Earth                  4
Comestibles
 f - a bread ration
 h - a meat ration
 j - a chunk of flesh


   Skills:
 - Level 1.3 Fighting
 + Level 3.5 Throwing
 - Level 1.7 Dodging
 - Level 1.2 Spellcasting
 - Level 2.6 Hexes


You had one spell level left.
You knew the following spells:

 Your Spells              Type           Power        Failure   Level  Hunger
a - Corona                Hex            #......      9%          1    ##.....
b - Slow                  Hex            #.......     13%         2    ###....


Dungeon Overview and Level Annotations

Branches:
Dungeon (2/15)

Altars:


Innate Abilities, Weirdness & Mutations

You are too large for most types of armour.
You have tough skin. (AC +1)


Message History

You hit the goblin.
The goblin is moderately wounded.
The goblin hits you with a club. The kobold barely misses you.
Throwing (i - inventory. (,) - cycle):
n - 2 large rocks (quivered)
Press: ? - help, Shift-Dir - straight line, f/p - goblin
Aim: a goblin, wielding a club (softly glowing)
You throw a large rock. The large rock hits the goblin.
The goblin is severely wounded.
The goblin hits you with a club.
* * * LOW HITPOINT WARNING * * *
The goblin hits you with a club.
* * * LOW HITPOINT WARNING * * *
The kobold closely misses you.
Throwing (i - inventory. (,) - cycle):
n - a large rock (quivered)
Press: ? - help, Shift-Dir - straight line, f/p - goblin
Aim: a goblin, wielding a club (severely wounded, softly glowing)
You throw a large rock.
The large rock closely misses the goblin.
The goblin closely misses you. The kobold hits you.
You die...

.# .# ..# ##
... #.# #.g
#.###.#
#..#.#######.##
#..<...........
###(..g@K......
########...#.
##


You could see a goblin and a kobold.

Vanquished Creatures
  2 dart slugs (D:1)
  A ball python (D:1)
  2 giant cockroaches (D:1)
  A goblin (D:1)
  3 hobgoblins (D:1)
  8 jackals (D:1)
  A bat (D:1)
  2 frilled lizards (D:1)
  A rat (D:1)
21 creatures vanquished.

Notes
Turn   | Place    | Note
-------+----------+-------------------------------------------
     0 | D:1      | Malak the Ogre Arcane Marksman began the quest for the Orb.
     0 | D:1      | Reached XP level 1. HP: 19/19 MP: 2/2
    77 | D:1      | Reached XP level 2. HP: 27/27 MP: 3/3
   360 | D:1      | Reached skill level 3 in Throwing
   579 | D:1      | Learned a level 2 spell: Slow
   595 | D:1      | Reached XP level 3. HP: 33/33 MP: 2/4
   713 | D:2      | HP: 1/33 [goblin/club (5)]
   714 | D:2      | Slain by a kobold

Skill      XL: |  1  2 |
---------------+-------+-----
Throwing       | 3 |  3.5
Fighting       | |  1.3
Dodging        | |  1.7
Spellcasting   | |  1.2
Hexes          | |  2.6

Action                   || total
-------------------------++-------
Melee: Unarmed           ||     5
       Club              ||     2
Throw: Large rock        ||    32
 Cast: Corona            ||     9
       Slow              ||    10
Armor: Robe              ||    32
Dodge: Dodged            ||    39
